 Dungeon Crawl Stone Soup version 0.27-a0-860-gaf99fae3ca (webtiles) character file.

Game seed: 5928046134898617029

5 spiderkeys the Conjurer (level 1, 0/16 HPs)
             Began as a Demigod Wanderer on Apr 2, 2021.
             Slain by a kobold
             ... wielding a +0 dagger
              (1 damage)
             ... on level 1 of the Dungeon.
             The game lasted 00:02:31 (303 turns).

spiderkeys the Conjurer (Demigod Wanderer)           Turns: 303, Time: 00:02:32

Health: 0/16       AC:  8    Str: 10    XL:     1   Next: 53%
Magic:  4/4        EV:  8    Int: 17    God:
Gold:   12         SH:  0    Dex: 13    Spells: 1/2 levels left

rFire    . . .     SeeInvis .   a - +0 dagger
rCold    . . .     Faith    .   (no shield)
rNeg     . . .     Spirit   .   c - +2 scale mail
rPois    .         Reflect  .   (no helmet)
rElec    .         Harm     .   (no cloak)
rCorr    .         Rampage  .   (no gloves)
Will     .....                  (no boots)
Stlth    ..........             (no amulet)
HPRegen  0.05/turn              (no ring)
MPRegen  0.09/turn              (no ring)

@: no status effects
A: high mp 1, forlorn
a: no special abilities


You were on level 1 of the Dungeon.
You visited 1 branch of the dungeon, and saw 1 of its levels.

You collected 12 gold pieces.

Inventory:

Hand Weapons
 a - a +0 dagger (weapon)
Missiles
 b - a throwing net
Armour
 c - a +2 scale mail (worn)
Scrolls
 d - a scroll of noise {unknown}


   Skills:
 + Level 1.1 Fighting
 + Level 0.2 Short Blades
 - Level 1.0 Crossbows
 + Level 1.1 Armour
 + Level 0.2 Dodging
 + Level 1.1 Stealth
 - Level 1.0 Spellcasting
 - Level 2.6 Conjurations
 - Level 1.0 Transmutations
 - Level 1.0 Evocations


You had one spell level left.
You knew the following spells:

 Your Spells              Type           Power      Damage    Failure   Level
a - Magic Dart            Conj           36%        1d4       45%         1

Your spell library contained the following spells:

 Spells                   Type           Power      Damage    Failure   Level
 Stone Arrow              Conj/Erth      10%        3d7       95%         3


Dungeon Overview and Level Annotations

Branches:
Dungeon (1/15)


Innate Abilities, Weirdness & Mutations

Your attributes grow dramatically as you level up.
You have an increased reservoir of magic. (+10% MP)
You shall have no god before yourself.


Message History

An endoplasm and a kobold come into view.
The kobold shouts!
The endoplasm quivers.
There are monsters nearby!
There are monsters nearby!
There are monsters nearby!
The endoplasm hits you.
Found 9 gold pieces.
You hit the endoplasm but do no damage.
The endoplasm hits you but does no damage.
You hit the endoplasm.
The endoplasm is heavily wounded.
The endoplasm freezes you.
You are frozen.
You hit the endoplasm but do no damage.
The endoplasm is heavily wounded.
The endoplasm freezes you.
You are frozen.
The kobold hits you but does no damage.
You are too injured to fight recklessly!
You are too injured to fight recklessly!
You are too injured to fight recklessly!
You are too injured to fight recklessly!
You hit the endoplasm.
The endoplasm is almost dead.
The endoplasm freezes you.
You are frozen.
* * * LOW HITPOINT WARNING * * *
The kobold barely misses you.
Your scale mail prevents you from hitting the kobold.
The endoplasm barely misses you. The kobold hits you but does no damage.
You barely miss the endoplasm.
The endoplasm is almost dead.
The endoplasm freezes you.
You are frozen.
* * * LOW HITPOINT WARNING * * *
The kobold hits you but does no damage.
You hit the endoplasm.
You kill the endoplasm!
The kobold hits you with a +0 dagger.
You die...

.$# #.#### # ## ##
#....##.# ...#.
#.....?.#
##.........#..#
......#.......#
...............
####@.#...#
########...K...#
#.........##...#
#..........#...#
#..........#...#
#..........#.....
#..........#.....#
#..........#......#
#..........######.#


You could see a kobold.

Vanquished Creatures
  An endoplasm (D:1)
  A giant cockroach (D:1)
  A goblin (D:1)
  4 rats (D:1)
7 creatures vanquished.

Notes
Turn   | Place    | Note
-------+----------+-------------------------------------------
     0 | D:1      | spiderkeys the Demigod Wanderer began the quest for the
                  | Orb.
     0 | D:1      | spiderkeys set off with the following items: a +0 dagger, a
                  | +2 scale mail; and the following spell memorised: Magic
                  | Dart; and the following spells available to memorise: Stone
                  | Arrow
     0 | D:1      | Reached XP level 1. HP: 16/16 MP: 4/4
   303 | D:1      | Slain by a kobold

Illustrated notes

Levels and vault maps discovered:
D:1:      dpeg_arrival_prison, layout_basic

Action                   || total
-------------------------++-------
Melee: Dagger            ||    27
Armor: Scale mail        ||    10
Dodge: Dodged            ||     8

Table legend: (Time is in decaauts)
 A = Elapsed time spent in this place.
 B = Non-inter-level travel time spent in this place.
 C = Inter-level travel time spent in this place.
 D = Time resting spent in this place.
 E = Time spent auto-exploring this place.
 F = Levels seen in this place.
 G = Mean time per level.
                   A        B        C        D        E       F      G
               +--------+--------+--------+--------+--------+-----+--------+
         Total |    302 |    302 |      0 |      0 |    261 |   1 |  302.0 |
       Dungeon |    302 |    302 |      0 |      0 |    261 |   1 |  302.0 |
               +--------+--------+--------+--------+--------+-----+--------+

Top non-repeatable levels by time:
     D:1: 302 daAuts
